 Dungeon Crawl Stone Soup version 0.28-a0-861-ge64d6db94f (webtiles) character file.

Game seed: 13732173713155727544

7529 frimble the Fighter (level 10, -2/108 (111) HPs)
             Began as a Troll Warper on Nov 16, 2021.
             Slain by a freezing wraith (15 damage)
             ... on level 10 of the Dungeon.
             The game lasted 00:10:32 (6318 turns).

frimble the Fighter (Troll Warper)                  Turns: 6318, Time: 00:10:33

HP:   -2/108 (111)  AC:  9    Str: 21    XL:     10   Next: 96%
MP:   10/10         EV: 13    Int: 10    God:
Gold: 518           SH:  0    Dex:  9    Spells: 8/11 levels left

rFire   . . .      SeeInvis .   k - +1 quick blade
rCold   . . .      Faith    .   (no shield)
rNeg    . . .      Spirit   .   d - +0 steam dragon scales
rPois   .          Reflect  .   (helmet restricted)
rElec   .          Harm     .   (no cloak)
rCorr   .          Rampage  .   (gloves unavailable)
Will    .....                   (boots unavailable)
Stlth   +.........              (no amulet)
HPRegen 1.28/turn               e - +4 ring of slaying
MPRegen 0.12/turn               f - +4 ring of evasion

@: slowed, lightly drained, very slow
A: large, unfitting armour, claws 3, regeneration 1, shaggy fur 1, tough skin 1,
iridescent scales 1, dopey 1
a: no special abilities


You were on level 10 of the Dungeon.
You visited 1 branch of the dungeon, and saw 10 of its levels.

You collected 518 gold pieces.

Inventory:

Hand Weapons
 k - a +1 quick blade (weapon)
Missiles
 c - 5 boomerangs of dispersal
 g - a throwing net (quivered)
 j - 36 poisoned darts
 q - 3 javelins
 w - 5 large rocks
Armour
 a - a +1 robe
 d - +0 steam dragon scales (worn)
Jewellery
 e - a +4 ring of slaying (left claw)
 f - a +4 ring of evasion (right claw)
 h - a ring of poison resistance
 i - a ring of positive energy
 n - a ring of fire
 t - a ring of flight
Wands
 p - a wand of polymorph (15)
Scrolls
 b - a scroll of blinking
 r - a scroll of enchant armour
 s - a scroll of teleportation
 u - 2 scrolls of amnesia
 v - a scroll of identify
Potions
 l - 2 potions of brilliance
 m - a potion of might
 o - a potion of curing


   Skills:
 + Level 10.8 Fighting
 - Level 8.0 Short Blades
 - Level 3.1 Throwing
 - Level 1.9 Dodging
 - Level 3.9 Unarmed Combat
 - Level 1.2 Spellcasting
 - Level 3.3 Translocations


You had 8 spell levels left.
You knew the following spells:

 Your Spells              Type           Power      Damage    Failure   Level
a - Blink                 Tloc           14%        N/A       13%         2
b - Apportation           Tloc           14%        N/A       9%          1

Your spell library contained the following spells:

 Spells                   Type           Power      Damage    Failure   Level
 Gell's Gravitas          Tloc           7%         N/A       26%         3
 Lesser Beckoning         Tloc           7%         N/A       26%         3
 Teleport Other           Tloc           7%         N/A       26%         3
 Shock                    Conj/Air       0%         1d3       34%         1
 Slow                     Hex            0%         N/A       34%         1
 Confusing Touch          Hex            0%         N/A       71%         3
 Swiftness                Air            0%         N/A       71%         3
 Manifold Assault         Tloc           7%         N/A       93%         5
 Airstrike                Air            0%         N/A       98%         4
 Alistair's Intoxication  Tmut/Pois      0%         N/A       100%        5
 Yara's Violent Unravell  Hex/Tmut       0%         3d3       100%        5


Dungeon Overview and Level Annotations

Branches:
Dungeon (10/15)            Temple (0/1) D:4            Lair (0/6) D:8
    Orc: D:9-12

Altars:
Ashenzari
Cheibriados
Dithmenos
Qazlal
Ru
Sif Muna
Xom

Shops:
D:4 =

Annotations:
D:5 3 runed translucent doors, ryw's ghost, novice DESu


Innate Abilities, Weirdness & Mutations

You are too large for most types of armour.
You have claws for hands.
Your natural rate of healing is unusually fast.
You are covered in fur. (AC +1)
You have tough skin. (AC +1)
You are partially covered in iridescent scales. (AC +2)
You are dopey. (Int -2)


Message History

You are too injured to fight recklessly!
You are too injured to fight recklessly!
You are too injured to fight recklessly!
You are too injured to fight recklessly!
You are too injured to fight recklessly!
You are too injured to fight recklessly!
You are too injured to fight recklessly!
You are too injured to fight recklessly!
You are too injured to fight recklessly!
You closely miss the freezing wraith.
The freezing wraith is moderately damaged.
You barely miss the freezing wraith.
The freezing wraith is moderately damaged.
The freezing wraith hits you but does no damage.
The freezing wraith hits you! The freezing wraith drains your vigour!
You feel as though you will be slow longer.
You closely miss the freezing wraith.
The freezing wraith is moderately damaged.
You hit the freezing wraith but do no damage.
The freezing wraith is moderately damaged.
The freezing wraith completely misses you.
The freezing wraith hits you but does no damage.
You hit the freezing wraith.
The freezing wraith is heavily damaged.
You barely miss the freezing wraith.
The freezing wraith is heavily damaged.
The freezing wraith hits you. The freezing wraith freezes you!!
* * * LOW HITPOINT WARNING * * *
The freezing wraith hits you!
* * * LOW HITPOINT WARNING * * *
The freezing wraith drains your vigour!
You feel as though you will be slow longer.
You barely miss the freezing wraith.
The freezing wraith is heavily damaged.
You hit the freezing wraith but do no damage.
The freezing wraith is heavily damaged.
The freezing wraith hits you!
* * * LOW HITPOINT WARNING * * *
The freezing wraith freezes you!
You die...

....#.# ...#.#
...#.# ....#
...# ######..#
#.......#
#@W.....##
###........#.#
#............#
#.###...........
#.# #...........
#.# #......>....
##############.#
#...........
............##.#
#...........
............##.#
######.....


You could see a freezing wraith.

Vanquished Creatures
  Harold (D:9)
  2 two-headed ogres
  The ghost of mainiacjoe the Conjurer, a novice HuCj of Sif Muna (D:7)
  A kobold demonologist (D:9)
  Sigmund (D:2)
  Grum (D:9)
  5 yaks (D:8)
  A wyvern (D:8)
  4 steam dragons
  Menkaure (D:7)
  A water moccasin (D:5)
  3 ice beasts (D:7)
  A sky beast (D:6)
  A floating eye (D:10)
  A hornet zombie (D:9)
  2 necrophages
  4 wolves (D:9)
  3 ogres (D:6)
  A centaur (D:8)
  2 kobold brigands
  2 gnoll sergeants
  2 scorpions
  A wyvern skeleton (D:7)
  A water moccasin skeleton (D:5)
  10 killer bees
  6 howler monkeys
  2 wyvern simulacra (D:7)
  A bullfrog skeleton (D:5)
  A centaur skeleton (D:4)
  2 orc priests (D:7)
  A hound (D:7)
  Jessica (D:2)
  2 iguanas (D:5)
  2 orc wizards
  A killer bee zombie (D:8)
  A centaur simulacrum (D:7)
  A hound zombie (D:5)
  A hound skeleton (D:5)
  A killer bee simulacrum (D:7)
  Robin (D:2)
  13 adders
  8 gnolls
  A howler monkey skeleton (D:6)
  A shadow imp (D:8)
  5 white imps
  An adder zombie (D:5)
  An adder skeleton (D:4)
  2 worms
  2 dart slugs
  20 orcs
  12 ball pythons
  4 endoplasms
  2 giant cockroaches
  8 goblins
  11 hobgoblins
  11 kobolds
  4 quokkas
  13 bats
  3 rats
199 creatures vanquished.

Vanquished Creatures (others)
  2 fungi (D:8)
  3 plants (D:8)
5 creatures vanquished.

Grand Total: 204 creatures vanquished

Notes
Turn   | Place    | Note
-------+----------+-------------------------------------------
     0 | D:1      | frimble the Troll Warper began the quest for the Orb.
     0 | D:1      | Reached XP level 1. HP: 19/19 MP: 1/1
    56 | D:1      | Found a faded altar of an unknown god.
   125 | D:1      | Reached skill level 1 in Throwing
   152 | D:1      | Reached XP level 2. HP: 28/28 MP: 2/2
   440 | D:2      | Noticed Robin
   452 | D:2      | HP: 1/28 [goblin[Robin] (5)]
   496 | D:1      | Reached skill level 2 in Fighting
   496 | D:1      | Reached XP level 3. HP: 27/35 MP: 3/3
   500 | D:1      | Learned a level 2 spell: Blink
   532 | D:2      | Killed Robin
   619 | D:2      | Reached XP level 4. HP: 42/42 MP: 4/4
   686 | D:2      | Noticed Jessica
   695 | D:2      | Killed Jessica
  1055 | D:2      | Reached XP level 5. HP: 50/50 MP: 5/5
  1213 | D:2      | Noticed Sigmund
  1219 | D:2      | Gained mutation: You are dopey. (Int -2) [potion of
                  | mutation]
  1219 | D:2      | Gained mutation: You are partially covered in iridescent
                  | scales. (AC +2) [potion of mutation]
  1234 | D:2      | Killed Sigmund
  1235 | D:2      | Reached skill level 3 in Fighting
  1235 | D:2      | Reached XP level 6. HP: 44/61 MP: 6/6
  1556 | D:3      | Found a shimmering blue altar of Sif Muna.
  1658 | D:3      | Found a shadowy altar of Dithmenos.
  1873 | D:4      | Found a staircase to the Ecumenical Temple.
  1890 | D:4      | Found Doep's Jewellery Emporium.
  2101 | D:4      | Reached skill level 1 in Short Blades
  2238 | D:5      | Entered Level 5 of the Dungeon
  2253 | D:5      | Reached XP level 7. HP: 67/67 MP: 7/7
  2301 | D:5      | Found a runed translucent gate.
  2301 | D:5      | Found a runed translucent gate.
  2301 | D:5      | Found a runed translucent gate.
  2301 | D:5      | Noticed ryw's ghost (novice DESu)
  2432 | D:5      | Found a sacrificial altar of Ru.
  2638 | D:6      | Reached skill level 5 in Short Blades
  2638 | D:6      | Reached XP level 8. HP: 28/75 MP: 5/8
  3332 | D:7      | Found a runed translucent gate.
  3332 | D:7      | Found a runed translucent gate.
  3333 | D:7      | Found a runed translucent gate.
  3450 | D:7      | Noticed mainiacjoe's ghost (novice HuCj)
  3591 | D:7      | Noticed Menkaure
  3593 | D:7      | Reached XP level 9. HP: 71/83 MP: 9/9
  3660 | D:7      | Killed Menkaure
  3790 | D:7      | Found a broken altar of Ashenzari.
  3836 | D:7      | Reached skill level 4 in Fighting
  4205 | D:7      | Reached skill level 5 in Fighting
  4250 | D:7      | Killed mainiacjoe's ghost
  4427 | D:8      | Reached skill level 6 in Fighting
  4522 | D:8      | Reached skill level 7 in Fighting
  4590 | D:8      | Noticed a two-headed ogre
  4623 | D:8      | Killed a two-headed ogre
  4624 | D:8      | Reached XP level 10. HP: 94/104 MP: 10/10
  4750 | D:8      | Reached skill level 8 in Fighting
  4926 | D:8      | Found a staircase to the Lair.
  5012 | D:8      | Found a stormy altar of Qazlal.
  5098 | D:8      | Found a snail-covered altar of Cheibriados.
  5100 | D:8      | Found a shimmering altar of Xom.
  5412 | D:9      | Learned a level 1 spell: Apportation
  5423 | D:9      | Reached skill level 9 in Fighting
  5443 | D:9      | Noticed Harold
  5473 | D:9      | Killed Harold
  5514 | D:9      | Noticed a two-headed ogre
  5530 | D:9      | Killed a two-headed ogre
  5531 | D:9      | Reached skill level 10 in Fighting
  5782 | D:9      | Noticed Grum
  5851 | D:9      | Killed Grum
  6144 | D:9      | Noticed a skeletal warrior
  6184 | D:10     | Entered Level 10 of the Dungeon
  6184 | D:10     | Noticed a manticore
  6188 | D:10     | a manticore changed into a floating eye
  6318 | D:10     | Slain by a freezing wraith

Illustrated notes

Levels and vault maps discovered:
D:1:      shiori_arrival_elements, layout_basic, basic_ecumenical_altar
D:2:      layout_basic, minmay_snake_closets, uniq_jessica, uniq_sigmund,
          uniq_robin
D:3:      layout_rooms, lemuel_doored_altar, tgw_sif
D:4:      layout_basic, minmay_temple_entry_offerings, serial_shops, shop
D:5:      layout_rooms, nicolae_ru_the_path_less_chosen,
          ebering_ghost_rock_garden, serial_park_tiny_1
D:6:      layout_rooms, roderic_cross_of_infinity
D:7:      layout_basic, mainiacjoe_overflow_tiny_flanked, gammafunk_ghost_icy,
          uniq_menkaure
D:8:      minmay_general_purpose_star, layout_basic,
          nicolae_overflow_hidden_temple, dpeg_oklobed_lair, st_stairs_3
D:9:      cheibrodos_two_vegetables, layout_basic, uniq_grum, uniq_harold
D:10:     layout_basic, kennysheep_mini_moat

Skill      XL: |  1  2  3  4  5  6  7  8  9 10 |
---------------+-------------------------------+-----
Throwing       | 1 2 3 |  3.1
Fighting       | 2 3 7 10 | 10.8
Unarmed Combat | 3 |  3.9
Translocations | 3 |  3.3
Short Blades   | 2 5 7 8 |  8.0
Dodging        | |  1.9
Spellcasting   | |  1.2

Action                   |  1- 3 |  4- 6 |  7- 9 | 10-12 || total
-------------------------+-------+-------+-------+-------++-------
Melee: Unarmed           |   103 |   179 |    66 |       ||   348
       Punch             |       |     2 |     6 |     7 ||    15
       Quick blade       |       |       |   385 |   314 ||   699
Throw: Boomerang         |       |       |     1 |       ||     1
       Dart              |       |       |     4 |       ||     4
       Throwing net      |       |       |       |     3 ||     3
 Cast: Blink             |       |       |     1 |     1 ||     2
Evoke: Wand              |       |       |       |     2 ||     2
  Use: Scroll            |     3 |       |     7 |     3 ||    13
       Potion            |       |     2 |     2 |       ||     4
 Stab: Distracted        |     1 |       |       |       ||     1
       Sleeping          |       |     1 |       |       ||     1
       Held in net/web   |       |       |       |     5 ||     5
Armor: Robe              |    56 |    79 |    46 |       ||   181
       Steam dragon scal |       |       |    55 |    33 ||    88
Dodge: Dodged            |    70 |    96 |   108 |    52 ||   326

Table legend: (Time is in decaauts)
 A = Elapsed time spent in this place.
 B = Non-inter-level travel time spent in this place.
 C = Inter-level travel time spent in this place.
 D = Time resting spent in this place.
 E = Time spent auto-exploring this place.
 F = Levels seen in this place.
 G = Mean time per level.
                   A        B        C        D        E       F      G
               +--------+--------+--------+--------+--------+-----+--------+
         Total |   5793 |   5609 |    184 |     27 |   4157 |  10 |  579.3 |
       Dungeon |   5793 |   5609 |    184 |     27 |   4157 |  10 |  579.3 |
               +--------+--------+--------+--------+--------+-----+--------+

Top non-repeatable levels by time:
     D:2: 924 daAuts
     D:7: 895 daAuts
     D:8: 875 daAuts
     D:9: 681 daAuts
     D:6: 640 daAuts
     D:3: 486 daAuts
     D:1: 419 daAuts
     D:5: 388 daAuts
     D:4: 375 daAuts
    D:10: 107 daAuts
